 Dungeon Crawl Stone Soup version 0.30.1-9-gdf580d7c3d (webtiles) character file.

Game seed: 10499402145422344976

908 Peloso the Slasher (level 7, -4/63 HPs)
             Began as a Minotaur Fighter on Sept 29, 2023.
             Slain by an orc warrior
             ... wielding a +0 halberd
              (17 damage)
             ... on level 6 of the Dungeon.
             The game lasted 00:11:04 (5285 turns).

Peloso the Slasher (Minotaur Fighter)               Turns: 5285, Time: 00:11:05

Health: -4/63      AC: 13    Str: 20    XL:     7   Next: 81%
Magic:  6/6        EV:  8    Int:  5    God:
Gold:   228        SH:  5    Dex: 12    Spells: 6/6 levels left

rFire   . . .        a - +1 long sword
rCold   . . .        d - +0 buckler
rNeg    . . .        b - +1 chain mail
rPois   .            (helmet restricted)
rElec   .            c - +1 cloak
rCorr   .            (no gloves)
SInv    .            (no boots)
Will    .....        (no amulet) Stlth
                     (no ring)
HPRegen 0.30/turn    (no ring)
MPRegen 0.10/turn

%: no passive effects
@: no status effects
A: horns 2, retaliatory headbutt
a: no special abilities


You were on level 6 of the Dungeon.
You visited 1 branch of the dungeon, and saw 6 of its levels.
You also visited: Sewer.

You collected 228 gold pieces.

Inventory:

Hand Weapons
 a - a +1 long sword (weapon)
Armour
 b - a +1 chain mail (worn)
 c - a +1 cloak (worn)
 d - a +0 buckler (worn)
Jewellery
 i - an amulet of magic regeneration
Wands
 w - a wand of flame (8)
Scrolls
 e - a scroll of identify
 f - 3 scrolls of poison
 j - 3 scrolls of teleportation
 k - 2 scrolls of enchant weapon
 l - a scroll of brand weapon {unknown}
 o - a scroll of magic mapping {unknown}
 q - a scroll of acquirement
 r - a scroll of fog
 v - a scroll of blinking
 x - 2 scrolls of fear {unknown}
 y - a scroll of enchant armour
Potions
 g - 5 potions of might
 h - 3 potions of flight
 m - 2 potions of curing
 n - a potion of lignification
 p - 2 potions of cancellation
 s - a potion of magic
 t - 3 potions of heal wounds
 u - 2 potions of brilliance


   Skills:
 + Level 6.0 Fighting
 + Level 6.9 Long Blades
 + Level 6.1 Armour
 + Level 1.9 Dodging
 + Level 0.3 Stealth
 + Level 5.4 Shields


You had 6 spell levels left.
You didn't know any spells.
Your spell library contained the following spells:

 Spells                   Type           Power      Damage    Failure   Level
 Sublimation of Blood     Necr           0%         N/A       100%        2
 Animate Dead             Necr           0%         N/A       100%        4
 Petrify                  Tmut/Erth      0%         N/A       100%        4
 Borgnjor's Vile Clutch   Necr/Erth      0%         N/A       100%        5
 Irradiate                Conj/Tmut      0%         3d11      100%        5
 Death Channel            Necr           0%         N/A       100%        6


Dungeon Overview and Level Annotations

Branches:
Dungeon (6/15)             Temple (0/1) D:4           Sewer (visited)

Altars:
Cheibriados
Fedhas
Kikubaaqudgha
Makhleb
Trog
Uskayaw
Wu Jian
Yredelemnul

Shops:
D:1 [

Annotations:
D:3 1 runed translucent door, Ivernyr's ghost, amateur FoFi


Innate Abilities, Weirdness & Mutations

You have a pair of horns on your head.
You reflexively headbutt those who attack you in melee.


Message History

Reactivating autopickup.
You feel a bit more experienced.
You slash the orc!
You kill the orc!
You barely miss the orc. Your headbutt misses the orc.
The orc hits you but does no damage.
You barely miss the orc. You headbutt the orc.
The orc is heavily wounded.
The orc hits you but does no damage.
You hit the orc. Your headbutt misses the orc.
The orc is severely wounded.
The orc hits you with a +0 whip.
You slash the orc!
You kill the orc!
The orc warrior shoots a bolt.
The bolt barely misses you.
The orc warrior unwields a +0 arbalest.
The orc warrior wields a +0 halberd.
The orc warrior hits you with a +0 halberd.
Items here: ))) [[ †.
You completely miss the orc warrior. You block the orc warrior's attack.
You closely miss the orc warrior.
The orc warrior hits you with a +0 halberd.
You hit the orc warrior but do no damage.
The orc warrior barely misses you.
You closely miss the orc warrior. The orc warrior closely misses you.
You hit the orc warrior but do no damage.
The orc warrior hits you with a +0 halberd.
You hit the orc warrior but do no damage.
The orc warrior hits you with a +0 halberd!
You barely miss the orc warrior.
The orc warrior hits you with a +0 halberd!
You hit the orc warrior but do no damage.
The orc warrior hits you but does no damage.
You barely miss the orc warrior. You headbutt the orc warrior.
The orc warrior is lightly wounded.
The orc warrior hits you with a +0 halberd!
* * * LOW HITPOINT WARNING * * *
You slash the orc warrior! Your headbutt misses the orc warrior.
The orc warrior is moderately wounded.
The orc warrior hits you with a +0 halberd!
You die...

#
#..........#....######.
#
#..[o{.....#...........
#
#....o..........#######
# #...............# #
#...........##### #
#............# #
#.##########.# #. #o.#
. #. #@## ...
#####.##.....
#..<......# #......)###
##..##### ...## #.###
.. .


You could see an orc warrior.

Vanquished Creatures
  An ice beast (D:5)
  A centaur (D:5)
  Blork the orc (D:5)
  3 bullfrogs
  2 hounds
  2 iguanas (D:5)
  5 orc wizards
  3 gnolls (D:3)
  2 river rats (Sewer)
  9 adders
  A dart slug (D:1)
  21 orcs
  8 bats
  4 endoplasms
  3 giant cockroaches
  12 goblins
  9 hobgoblins
  3 kobolds
  3 quokkas
  15 ball pythons
  5 frilled lizards
  22 rats
135 creatures vanquished.

Notes
Turn   | Place    | Note
-------+----------+-------------------------------------------
     0 | D:1      | Peloso the Minotaur Fighter began the quest for the Orb.
     0 | D:1      | Reached XP level 1. HP: 19/19 MP: 0/0
   185 | D:1      | Reached XP level 2. HP: 26/27 MP: 1/1
   264 | D:1      | Found Afycsuqa's Armour Shop.
   826 | D:2      | Found an ancient bone altar of Kikubaaqudgha.
   850 | D:2      | Reached XP level 3. HP: 29/33 MP: 2/2
  1623 | D:3      | Found a runed translucent door.
  1631 | D:3      | Noticed Ivernyr's ghost (amateur FoFi)
  1804 | D:3      | Reached XP level 4. HP: 27/40 MP: 3/3
  2044 | D:3      | Found a basalt altar of Yredelemnul.
  2045 | D:3      | Found a bloodstained altar of Trog.
  2221 | D:4      | Found a burning altar of Makhleb.
  2464 | D:4      | HP: 2/41 [something/puff of flame (6)]
  2467 | D:4      | Reached XP level 5. HP: 8/47 MP: 4/4
  2586 | D:4      | Found a staircase to the Ecumenical Temple.
  2642 | D:4      | Noticed a phantom
  2644 | D:4      | Noticed an ogre
  2720 | D:4      | Found a glowing drain.
  2731 | Sewer    | Entered a sewer
  2800 | Sewer    | Reached skill level 1 in Dodging
  3055 | Sewer    | Reached XP level 6. HP: 43/55 MP: 5/5
  3163 | Sewer    | Reached skill level 5 in Fighting
  3169 | Sewer    | Reached skill level 5 in Long Blades
  3169 | Sewer    | Reached skill level 5 in Armour
  3226 | Sewer    | Identified a scroll of acquirement
  3508 | D:5      | Entered Level 5 of the Dungeon
  3562 | D:5      | Noticed Blork the orc
  3576 | D:5      | Killed Blork the orc
  3577 | D:5      | Reached skill level 5 in Shields
  3687 | D:5      | Reached XP level 7. HP: 39/61 MP: 6/6
  3765 | D:5      | Found an ancient bone altar of Kikubaaqudgha.
  3843 | D:5      | Found a hide-covered altar of Uskayaw.
  4362 | D:5      | Found a snail-covered altar of Cheibriados.
  4595 | D:5      | Found a blossoming altar of Fedhas.
  5082 | D:6      | Found an ornate altar of the Wu Jian Council.
  5285 | D:6      | Slain by an orc warrior

Illustrated notes

Levels and vault maps discovered:
D:1:      dpeg_arrival_radiant, layout_basic, serial_shops, nicolae_shop_stone
D:2:      cheibrodos_greedy_goblins, layout_basic, basic_altar,
          kennysheep_another_room, bh_walls_and_bars
D:3:      layout_rooms, mainiacjoe_overflow_divided_tiny,
          hellmonk_ghost_happy_afterlife, minmay_misc_feat_x
D:4:      layout_loops_ring, amcnicky_altar_gilded,
          minmay_temple_entry_offerings, portal_sewer_entry_d
D:5:      layout_layer_cave, nicolae_overflow_crystal_walls,
          mainiacjoe_overflow_brackets, mainiacjoe_overflow_six_doors_small,
          mainiacjoe_overflow_catwalk, uniq_blork_the_orc
D:6:      layout_rooms, mainiacjoe_overflow_cross_hatched,
          nicolae_ashenzari_panopticon, grunt_ministairs_6

Skill      XL: |  1  2  3  4  5  6  7 |
---------------+----------------------+-----
Armour         | 4 5 6 |  6.1
Fighting       | 4 5 6 |  6.0
Shields        | 4 5 |  5.4
Long Blades    | 3 4 5 6 |  6.9
Dodging        | 1 |  1.9
Stealth        | |  0.3

Action                     |  1- 3 |  4- 6 |  7- 9 || total
---------------------------+-------+-------+-------++-------
  Melee: Long sword        |    94 |   185 |    78 ||   357
         Headbutt          |    10 |    27 |    17 ||    54
    Use: Potion            |     1 |     1 |       ||     2
         Scroll            |     4 |    10 |     5 ||    19
 Armour: Scale mail        |    13 |       |       ||    13
         Chain mail        |    60 |   158 |    57 ||   275
  Dodge: Dodged            |    58 |    99 |    19 ||   176
  Block: Buckler           |    30 |    56 |    19 ||   105
